AoeStats
← 46134864

Arena

507991284Analyzed
4v4 RM · 12d ago on Sep 20, 2026· 35m 25s· 8 players
Game mode
Random Map
Map size
Large (8 player)
Population
200
Speed
Normal
Resources
Standard
Victory
Conquest
Starting age
Dark Age
Ending age
Imperial Age
RankedLock teamsTeams togetherTeam positionsShared explorationLock speedFull tech treeHidden civsTurbo modeCheats
Victory
Defeat
🇵🇪 Cumans · Peru
1199
+12
🇨🇴 Romans · Colombia
1169
+13
🇨🇴 Vikings · Colombia
1024
+19
🇨🇴 Turks · Colombia
1005
+20
🇨🇳 Spanish · China
1153
-18
🇹🇷 Saracens · Türkiye
1117
-17
🇹🇼 Mongols · Taiwan
1102
-16
🇨🇳 Huns · China
1036
-13
綾瀨 奏
0:31 Loom
10:23 Feudal Age
16:12 Castle Age
15:04 Horse Collar
15:10 Double-Bit Axe
19:30 Town Watch
27:41 Imperial Age
30:49 Imperial Age
32:10 Wheelbarrow
46134864
10:51 Feudal Age
12:30 Loom
15:34 Castle Age
14:09 Double-Bit Axe
14:37 Horse Collar
22:20 Padded Archer Armor
22:55 Bloodlines
24:11 Husbandry
24:46 Town Watch
32:43 Wheelbarrow
Mystic Boy
10:39 Feudal Age
12:30 Horse Collar
12:36 Double-Bit Axe
18:43 Castle Age
21:30 Castle Age
19:20 Loom
21:36 Castle Age
27:08 Castle Age
34:14 Wheelbarrow
波波菜FV
1:56 Loom
11:45 Feudal Age
13:16 Double-Bit Axe
16:42 Castle Age
14:33 Horse Collar
15:08 Gold Mining
17:23 Forging
17:39 Bow Saw
18:26 Scale Barding Armor
20:03 Bloodlines
21:18 Stone Mining
21:59 Husbandry
34:10 Imperial Age
32:29 Wheelbarrow
32:53 Gold Shaft Mining
35:23 Iron Casting
35:10 Chain Barding Armor
34:14 Cavalier
36:12 Two-Man Saw
35:39 Hand Cart
Huesofeo
10:38 Feudal Age
12:15 Double-Bit Axe
16:20 Castle Age
14:47 Stone Mining
14:53 Horse Collar
15:15 Gold Mining
16:42 Loom
28:12 Wheelbarrow
27:57 Fletching
32:10 Wheelbarrow
35:12 Hand Cart
EminenceShadow
6:53 Loom
8:10 Loom
10:39 Feudal Age
11:33 Double-Bit Axe
18:22 Horse Collar
20:03 Wheelbarrow
27:36 Castle Age
26:01 Gold Mining
28:42 Bow Saw
28:33 Heavy Plow
29:12 Gold Shaft Mining
31:39 Imperial Age
28:34 Capped Ram
31:48 Siege Ram
32:42 Forging
32:32 Scale Mail Armor
32:52 Hand Cart
33:23 Ballistics
34:03 Chemistry
33:13 Masonry
34:58 Two-Man Saw
34:31 Crop Rotation
34:38 Man-at-Arms
35:19 Squires
35:04 Arson
35:59 Iron Casting
35:39 Chain Mail Armor
CamiloCor
11:45 Feudal Age
10:01 Loom
12:34 Double-Bit Axe
19:18 Castle Age
18:35 Fletching
18:46 Padded Archer Armor
19:35 Elite Skirmisher
20:08 Horse Collar
20:41 Bow Saw
21:58 Town Watch
28:34 Padded Archer Armor
28:30 Bodkin Arrow
31:43 Leather Archer Armor
Canablitz7546
7:02 Loom
7:08 Loom
10:09 Feudal Age
10:12 Man-at-Arms
10:38 Double-Bit Axe
11:40 Town Watch
12:34 Double-Bit Axe
14:32 Horse Collar
15:04 Scale Mail Armor
17:34 Forging
19:33 Wheelbarrow
24:19 Castle Age
25:52 Hand Cart
26:29 Squires
30:07 Imperial Age
28:33 Fletching
29:27 Bow Saw
29:20 Bodkin Arrow
29:48 Padded Archer Armor
30:33 Heavy Cavalry Archer
33:07 Bloodlines
32:58 Husbandry
33:43 Pikeman
35:12 Ballistics
35:21 Heavy Plow
Connection lost

Rejoining the realm…

Still unreachable

The connection could not be restored.

Session expired

The server has moved on; the page needs a fresh start.